 Dungeon Crawl Stone Soup version 0.31-a0-435-g2c6fae2916 (webtiles) character file.

Game seed: 10827735022724603779

12610 Xavori the Carver (level 12, -15/85 HPs)
             Began as a Djinni Chaos Knight on Aug 2, 2023.
             Was a Plaything of Xom.
             Demolished by a broodmother (23 damage)
             ... on level 11 of the Dungeon.
             The game lasted 00:14:29 (17968 turns).

Xavori the Carver (Djinni Chaos Knight)            Turns: 17968, Time: 00:14:30

Health: -15/85     AC: 20    Str: 23    XL:     12   Next: 22%
Gold:   394        EV: 17    Int: 17    God:    Xom [....*.] SH: 12 Dex: 26

rFire   + + +        N - +2 scimitar
rCold   . . .        G - +0 kite shield {rF+}
rNeg    + . .        J - +0 acid dragon scales
rPois   ∞            n - +0 helmet
rElec   +            z - +2 cloak
rCorr   +            A - +1 pair of gloves {Str+3}
SInv    .            (boots unavailable)
Will    +++..        D - amulet of regeneration
Stlth   ++++         l - ring "Uleb" {rC+ Int+4 Dex+2}
HPRegen 1.94/turn    y - ring of positive energy
MPRegen 0.00/turn

%: clarity, infuse magic (-16 HP)
@: flying
A: sickness immunity, fire resistance 3, cold vulnerability 1, float, innate
caster, HP casting, extra vitality 1, iridescent scales 3, thin skeletal
structure 2, agile 2, clarity, clever 1, strong-willed 2, regeneration 1,
screaming 1, electricity resistance, strong 2, wild magic 3
a: Renounce Religion


You were on level 11 of the Dungeon.
You worshipped Xom.
You were a beloved toy of Xom.
You visited 1 branch of the dungeon, and saw 12 of its levels.

You collected 572 gold pieces.
You spent 178 gold pieces at shops.

Inventory:

Hand Weapons
 a - a +0 vampiric falchion
 N - a +2 scimitar (weapon)
Missiles
 k - 5 curare-tipped darts
Armour
 g - a +3 ring mail
 n - a +0 helmet (worn)
 z - a +2 cloak (worn)
 A - a +1 pair of gloves of strength (worn)
 G - a +0 kite shield of fire resistance (worn)
 J - +0 acid dragon scales (worn)
Jewellery
 l - the ring "Uleb" (left hand) {rC+ Int+4 Dex+2}
   (Xom gifted it to you on level 1 of the Dungeon)

   [ring of protection from cold]

   Int:       It affects your intelligence (+4).
   Dex:       It affects your dexterity (+2).
   rC:        It protects you from cold.
 u - a +5 ring of evasion
 y - a ring of positive energy (right hand)
 D - an amulet of regeneration (around neck)
 I - an amulet of reflection
Talismans
 f - a dragon-blood talisman
Wands
 t - a wand of flame (17)
 C - a wand of paralysis (22)
 F - a wand of iceblast (29)
 H - a wand of mindburst (37)
 K - a wand of polymorph (8)
Scrolls
 b - 3 scrolls of enchant armour
 c - a scroll of butterflies
 e - 4 scrolls of poison
 m - 3 scrolls of enchant weapon
 r - 12 scrolls of teleportation
 w - 5 scrolls of identify
 x - a scroll of revelation
 M - 2 scrolls of brand weapon
 O - 2 scrolls of fog
 R - a scroll of fear
Potions
 d - a potion of invisibility {unknown}
 h - 10 potions of curing
 i - 2 potions of enlightenment
 j - a potion of brilliance
 o - a potion of cancellation
 p - 2 potions of might
 q - 3 potions of heal wounds
 s - a potion of resistance {unknown}
 v - a potion of mutation
 B - a potion of magic
 E - 2 potions of ambrosia {unknown}
 P - a potion of haste {unknown}
 Q - a potion of berserk rage {unknown}


   Skills:
 + Level 7.3 Fighting
 + Level 10.8 Long Blades
 + Level 5.5 Armour
 + Level 8.0 Dodging
 + Level 4.9 Shields
 * Level 4.9 Spellcasting
 * Level 4.9 Conjurations
 * Level 4.9 Hexes
 * Level 4.9 Summonings
 * Level 4.9 Necromancy
 * Level 4.9 Translocations
 * Level 4.9 Transmutations
 * Level 4.9 Fire Magic
 * Level 4.9 Ice Magic
 * Level 4.9 Air Magic
 * Level 4.9 Earth Magic
 * Level 4.9 Poison Magic
 * Level 5.2 Evocations


You knew the following spells:

 Your Spells              Type           Power      Damage    Failure   Level
a - Sting                 Tmut/Pois      100%       1d8       17%         1
b - Static Discharge      Conj/Air       78%        2-6/arc   24%         2
c - Confusing Touch       Hex            39%        N/A       36%         3
d - Teleport Other        Tloc           39%        N/A       36%         3
e - Irradiate             Conj/Tmut      19%        3d18      94%         5
Your spell library was empty.

Dungeon Overview and Level Annotations

Branches:
Dungeon (12/15)            Temple (0/1) D:7            Lair (0/5) D:11
    Orc: D:9-12

Altars:
Cheibriados
Dithmenos
Fedhas
Hepliaklqana
Nemelex Xobeh
Qazlal
Trog
Uskayaw
Xom
Yredelemnul
Zin
The Shining One

Shops:
D:1 :   D:4 :   D:5 *


Innate Abilities, Weirdness & Mutations

You are immune to sickness and miasma.
You are immune to poison.
Your flesh is almost immune to the effects of heat. (rF+++)
You are vulnerable to cold. (rC-)
You float through the air rather than walking.
You learn spells naturally, not from books.
Your magical power is your life essence.
You have superior vitality. (+4 MHP)
You are completely covered in iridescent scales. (AC +6)
You have a moderately thin skeletal structure. (Dex +4, Stealth++)
You are very agile. (Dex +8, Str/Int -2)
You possess an exceptional clarity of mind.
Your mind is acute. (Int +4, Str/Dex -1)
You are highly strong-willed. (Will++)
Your natural rate of healing is unusually fast.
You occasionally shout uncontrollably at your foes.
You are resistant to electric shocks. (rElec)
Your muscles are very strong. (Str +8, Int/Dex -2)
Your spells are much harder to cast, but much more powerful.


Message History

The boulder beetle is heavily wounded.
The boulder beetle barely misses you.
You slash the boulder beetle!
The boulder beetle is heavily wounded. "Hum-dee-hum-dee-hum..."
The boulder beetle evaporates and reforms as a broodmother!
You slash the broodmother!
The broodmother is lightly wounded.
The broodmother bites you!!
A spider bursts forth from the wound!
The broodmother barely misses you.
You hit the broodmother but do no damage.
The broodmother is lightly wounded.
The culicivora completely misses you. The broodmother bites you.
You slash the broodmother!
The broodmother is moderately wounded.
The culicivora barely misses you. The broodmother barely misses you.
You hit the broodmother but do no damage.
The broodmother is moderately wounded.
The culicivora closely misses you. You block the broodmother's attack.
You block the culicivora's attack.
You hit the broodmother.
The broodmother is moderately wounded.
You block the culicivora's attack. You block the broodmother's attack.
You hit the broodmother.
The broodmother is moderately wounded.
The culicivora barely misses you. The broodmother bites you!!
The broodmother is healed somewhat.
You hit the broodmother.
The broodmother is moderately wounded.
The broodmother bites you but does no damage.
You block the culicivora's attack.
You hit the broodmother.
The broodmother is moderately wounded.
The culicivora bites you! The broodmother bites you!!
* * * LOW HITPOINT WARNING * * *
You hit the broodmother but do no damage.
The broodmother is moderately wounded.
The broodmother is healed somewhat.
The broodmother bites you!!
You die...
Xom roars with laughter!

..#[........#.........#.....'...#
..#.........#.........#.....#...#
..#.........+.........#.....#...#
.##.........##+####...#.....#####
.####'##..........#...##.........
..#....#..........'....'.........
..#....#..........#....#.........
[.'....#.......ss.#....#.........
.#####+#........@.#....#.........
.##.............†.######.........
..#.....#####...>........#+######
..#.....#...######.......#......#
..#.....'...#....#.......'......'
..#.....#...#....#.......#......#
###.....#...#....#.......#......#
#.....+...#....#.......#......#
#.....#...#....+.......#......#


You could see a broodmother and a culicivora (summoned).

Vanquished Creatures
  A spark wasp (D:11)
  A boulder beetle (D:10)
  Nergalle (D:10)
  Joseph (D:9)
  A kobold demonologist (D:10)
  4 trolls
  A shadow (D:9)
  15 yaks
  2 wyverns
  Grum (D:11)
  A human (D:11)
  A human (shapeshifter) (D:6)
  Menkaure (D:6)
  A steam dragon (D:8)
  2 acid dragons
  6 water moccasins
  5 orc warriors
  2 black bears
  An ogre (D:5)
  8 centaurs
  4 wolves (D:10)
  A phantom (D:7)
  5 bullfrogs
  2 gnoll sergeants
  4 scorpions
  6 wights (D:9)
  11 killer bees
  2 electric eels (D:11)
  2 howler monkeys
  12 hounds
  A gnoll bouda (D:7)
  2 orc priests (D:8)
  A jelly (D:5)
  A sleepcap (D:8)
  Crazy Yiuf (D:3)
  Terence (D:3)
  2 iguanas (D:5)
  13 orc wizards
  Robin (D:2)
  26 gnolls
  2 adders
  A white imp (D:5)
  An ufetubus (D:5)
  3 worms
  A dart slug (D:4)
  31 orcs
  4 endoplasms (D:3)
  3 giant cockroaches
  18 goblins
  12 hobgoblins
  5 jackals
  6 quokkas
  9 ball pythons
  3 bats (D:2)
  4 frilled lizards
  4 kobolds
  5 rats
266 creatures vanquished.

Vanquished Creatures (collateral kills)
  2 yaks
  A steam dragon (D:7)
  An ice beast (D:6)
  A phantom (D:6)
  A gnoll sergeant (D:10)
  A scorpion (D:4)
  A lava snake (D:10)
  A jelly (D:6)
  A gnoll (D:10)
  An orc (D:9)
11 creatures vanquished.

Vanquished Creatures (others)
  An ugly thing (D:11)
  Psyche (D:10)
  A wolf (D:10)
3 creatures vanquished.

Grand Total: 280 creatures vanquished

Notes
Turn   | Place    | Note
-------+----------+-------------------------------------------
     0 | D:1      | Xavori the Djinni Chaos Knight began the quest for the Orb.
     0 | D:1      | Reached XP level 1. HP: 20/20 MP: 0/0
   100 | D:1      | Reached XP level 2. HP: 25/25 MP: 0/0
   295 | D:1      | Reached skill level 3 in Long Blades
   310 | D:1      | XOM: divination: detect creatures
   323 | D:1      | Reached XP level 3. HP: 29/30 MP: 0/0
   323 | D:1      | Learned a level 1 spell: Sting
   337 | D:1      | XOM: silly message
   421 | D:1      | Found a faded altar of an unknown god.
   605 | D:1      | Found Ufuiwigat's Book Shop.
   625 | D:1      | XOM: silly message
   674 | D:2      | XOM: stealth player
   784 | D:1      | XOM: give mutations
   784 | D:1      | Gained mutation: You occasionally shout uncontrollably at
                  | your foes. [Xom's mischief]
   784 | D:1      | Gained mutation: Your spells are a little harder to cast,
                  | but a little more powerful. [Xom's mischief]
   784 | D:1      | Lost mutation: Your spells are a little harder to cast, but
                  | a little more powerful. [Xom's mischief]
  1091 | D:1      | XOM: silly message
  1208 | D:1      | XOM: give mutation
  1208 | D:1      | Gained mutation: You have hidden genetic potential. [Xom's
                  | mischief]
  1340 | D:1      | XOM: give mutation
  1340 | D:1      | Gained mutation: Your natural rate of healing is unusually
                  | fast. [Xom's mischief]
  1492 | D:1      | XOM: give mutations
  1492 | D:1      | Gained mutation: You are robust. (+10% HP) [Xom's mischief]
  1492 | D:1      | Gained mutation: You are agile. (Dex +4, Str/Int -1) [Xom's
                  | mischief]
  1492 | D:1      | Gained mutation: You expend health (3 HP) to strengthen
                  | your wands. [Xom's mischief]
  1685 | D:1      | XOM: silly message
  1748 | D:1      | XOM: scenery: 1 doors close
  1897 | D:1      | XOM is BORED!
  1897 | D:1      | XOM: summons 2 hostile demons
  2692 | D:1      | XOM: scenery: 1 doors open
  2714 | D:1      | XOM: 2-stop teleportation journey
  3037 | D:1      | XOM: noise
  3929 | D:1      | XOM: draining
  4214 | D:1      | XOM: stat loss: -1 Int (11/12)
  4579 | D:1      | XOM: torment (15/28 hp)
  5617 | D:1      | XOM: stat loss: -1 Str (11/12)
  5769 | D:1      | XOM: stat loss: -1 Int (10/12)
  5771 | D:1      | XOM: give mutations
  5771 | D:1      | Lost mutation: You have hidden genetic potential. [Xom's
                  | mischief]
  5771 | D:1      | Lost mutation: You are robust. (+10% HP) [Xom's mischief]
  5771 | D:1      | Gained mutation: You are frail. (-10% HP) [Xom's mischief]
  5771 | D:1      | Gained mutation: Your mind is acute. (Int +4, Str/Dex -1)
                  | [Xom's mischief]
  5910 | D:1      | XOM: scenery: create altars
  5938 | D:1      | XOM: cloud trail
  6144 | D:1      | XOM is BORED!
  6234 | D:1      | XOM: give mutation
  6234 | D:1      | Gained mutation: You passively map a small area around you.
                  | [Xom's grace]
  6446 | D:1      | XOM: give mutation
  6446 | D:1      | Gained mutation: You have a somewhat thin skeletal
                  | structure. (Dex +2, Stealth+) [Xom's grace]
  6510 | D:1      | XOM is BORED!
  6683 | D:1      | XOM: scenery: summon butterflies
  7972 | D:1      | XOM: give mutations
  7972 | D:1      | Gained mutation: You are partially covered in iridescent
                  | scales. (AC +2) [Xom's grace]
  7972 | D:1      | Gained mutation: Your spells are a little harder to cast,
                  | but a little more powerful. [Xom's grace]
  7972 | D:1      | Gained mutation: You are strong-willed. (Will+) [Xom's
                  | grace]
  7984 | D:1      | XOM: give mutations
  7984 | D:1      | Gained mutation: You are partially covered in large bone
                  | plates. (SH +4) [Xom's grace]
  7984 | D:1      | Gained mutation: You have a moderately thin skeletal
                  | structure. (Dex +4, Stealth++) [Xom's grace]
  7984 | D:1      | Gained mutation: You are very agile. (Dex +8, Str/Int -2)
                  | [Xom's grace]
  7984 | D:1      | Gained mutation: You are resistant to electric shocks.
                  | (rElec) [Xom's grace]
  8411 | D:1      | Identified the ring "Uleb" {rC+ Int+4 Dex+2} (Xom gifted it
                  | to you on level 1 of the Dungeon)
  8411 | D:1      | XOM: god gift: ring "Uleb" {rC+ Int+4 Dex+2}
  8518 | D:2      | Noticed Robin
  8524 | D:2      | Killed Robin
  8526 | D:2      | Reached XP level 4. HP: 29/30 MP: 0/0
  8638 | D:2      | XOM: god gift: scroll labelled AXEAGI SOALIWK {god gift}
  9165 | D:2      | XOM: give mutation
  9165 | D:2      | Gained mutation: You have hidden genetic potential. [Xom's
                  | grace]
  9277 | D:2      | XOM: give mutations
  9277 | D:2      | Gained mutation: Your muscles are strong. (Str +4, Int/Dex
                  | -1) [Xom's grace]
  9694 | D:3      | XOM: divination: magic mapping
  9754 | D:3      | Noticed Terence
  9765 | D:3      | Killed Terence
  9766 | D:3      | Reached XP level 5. HP: 36/36 MP: 0/0
  9766 | D:3      | Learned a level 2 spell: Static Discharge
  9875 | D:3      | XOM: god gift: 3 datura-tipped darts
  9947 | D:3      | Reached skill level 1 in Spellcasting
  9947 | D:3      | Reached skill level 1 in Conjurations
  9947 | D:3      | Reached skill level 1 in Hexes
  9947 | D:3      | Reached skill level 1 in Summonings
  9947 | D:3      | Reached skill level 1 in Necromancy
  9947 | D:3      | Reached skill level 1 in Translocations
  9947 | D:3      | Reached skill level 1 in Transmutations
  9947 | D:3      | Reached skill level 1 in Fire Magic
  9947 | D:3      | Reached skill level 1 in Ice Magic
  9947 | D:3      | Reached skill level 1 in Air Magic
  9947 | D:3      | Reached skill level 1 in Earth Magic
  9947 | D:3      | Reached skill level 1 in Poison Magic
 10085 | D:3      | XOM: 2-stop teleportation journey
 10204 | D:3      | XOM: smoke on damage
 10216 | D:3      | Found a runed translucent door.
 10217 | D:3      | Noticed Crazy Yiuf
 10238 | D:3      | XOM: cloud trail
 10513 | D:3      | XOM: 4-stop teleportation journey
 10601 | D:3      | Killed Crazy Yiuf
 10682 | D:4      | Reached skill level 4 in Long Blades
 10682 | D:4      | Reached XP level 6. HP: 41/41 MP: 0/0
 10683 | D:4      | Gained mutation: You are mostly covered in iridescent
                  | scales. (AC +4) [hidden potential]
 10696 | D:4      | XOM: polymorph kobold -> dart slug
 10853 | D:4      | Found Sehyn's Vocational Training.
 10995 | D:4      | XOM: give mutations
 10995 | D:4      | Gained mutation: Your flesh is almost immune to the effects
                  | of heat. (rF+++) [Xom's grace]
 10995 | D:4      | Lost mutation: You are frail. (-10% HP) [Xom's grace]
 10995 | D:4      | Gained mutation: You have great hidden genetic potential.
                  | [Xom's grace]
 11067 | D:4      | XOM: give mutations
 11067 | D:4      | Lost mutation: You expend health (3 HP) to strengthen your
                  | wands. [Xom's mischief]
 11067 | D:4      | Lost mutation: Your natural rate of healing is unusually
                  | fast. [Xom's mischief]
 11208 | D:4      | XOM: summons friendly ufetubus
 11215 | D:4      | Reached skill level 1 in Shields
 11215 | D:4      | Reached XP level 7. HP: 51/51 MP: 0/0
 11215 | D:4      | Learned a level 3 spell: Confusing Touch
 11256 | D:5      | XOM: stealth player
 11256 | D:5      | Entered Level 5 of the Dungeon
 11261 | D:5      | Found Lyfed's Assorted Antiques.
 11286 | D:5      | Gained mutation: Your natural rate of healing is unusually
                  | fast. [hidden potential]
 11286 | D:5      | Lost mutation: You have great hidden genetic potential.
                  | [hidden potential expressed]
 11287 | D:5      | Bought a scroll labelled KAEVOD KICAS for 31 gold pieces
 11287 | D:5      | Bought a fizzy coppery potion for 27 gold pieces
 11287 | D:5      | Bought an amethyst potion for 27 gold pieces
 11287 | D:5      | Bought a scroll of teleportation for 93 gold pieces
 11337 | D:5      | XOM: scenery: create altars
 11408 | D:5      | Found a bloodstained altar of Trog.
 11416 | D:5      | XOM: divine lightning
 11594 | D:5      | XOM: scenery: create altars
 11619 | D:5      | Reached skill level 5 in Long Blades
 11628 | D:5      | Noticed a water moccasin
 11635 | D:5      | Killed a water moccasin
 11659 | D:5      | XOM: give mutations
 11659 | D:5      | Gained mutation: Your spells are harder to cast, but more
                  | powerful. [Xom's grace]
 11659 | D:5      | Gained mutation: Your spells are much harder to cast, but
                  | much more powerful. [Xom's grace]
 11659 | D:5      | Gained mutation: You possess an exceptional clarity of
                  | mind. [Xom's grace]
 11781 | D:5      | XOM: potion effect (berserk rage)
 11785 | D:5      | Reached XP level 8. HP: 58/58 MP: 0/0
 11797 | D:5      | Gained mutation: Your muscles are very strong. (Str +8,
                  | Int/Dex -2) [hidden potential]
 11808 | D:5      | XOM: cleaving
 11859 | D:5      | XOM: give mutations
 11859 | D:5      | Gained mutation: You are completely covered in iridescent
                  | scales. (AC +6) [Xom's grace]
 11859 | D:5      | Gained mutation: You are highly strong-willed. (Will++)
                  | [Xom's grace]
 12614 | D:6      | XOM: scenery: summon butterflies
 12622 | D:6      | XOM: potion effect (brilliance)
 12625 | D:6      | Reached skill level 6 in Long Blades
 12627 | D:6      | an ice beast changed into a shapeshifter
 12627 | D:6      | Noticed a shapeshifter (shapeshifter)
 12627 | D:6      | a shapeshifter changed into a human
 12627 | D:6      | Noticed a human (shapeshifter)
 12633 | D:6      | Killed a human
 12645 | D:6      | Noticed Menkaure
 12660 | D:6      | Killed Menkaure
 12661 | D:6      | Reached XP level 9. HP: 8/63 MP: 0/0
 12661 | D:6      | Learned a level 3 spell: Teleport Other
 12770 | D:6      | Found a shadowy altar of Dithmenos.
 12770 | D:6      | Found a snail-covered altar of Cheibriados.
 12770 | D:6      | Found a hazy altar of Hepliaklqana.
 12770 | D:6      | Found a glowing silver altar of Zin.
 12771 | D:6      | Found a sparkling altar of Nemelex Xobeh.
 12772 | D:6      | XOM: summons 9 friendly demons
 12791 | D:6      | Gained mutation: You are robust. (+10% HP) [hidden
                  | potential]
 12791 | D:6      | Lost mutation: You have hidden genetic potential. [hidden
                  | potential expressed]
 12895 | D:6      | Reached skill level 5 in Dodging
 13076 | D:6      | XOM: cloud trail
 13121 | D:6      | XOM: summons 4 friendly demons
 13266 | D:6      | Reached skill level 7 in Long Blades
 13275 | D:6      | XOM: cloud trail
 13279 | D:7      | XOM: polymorph orc -> rat
 13287 | D:7      | Reached skill level 5 in Fighting
 13347 | D:7      | Reached skill level 5 in Armour
 13545 | D:7      | XOM: god gift: scroll of teleportation
 13705 | D:7      | Found a shimmering altar of Xom.
 13705 | D:7      | Found a blossoming altar of Fedhas.
 13705 | D:7      | Found a basalt altar of Yredelemnul.
 13705 | D:7      | XOM: 2-stop teleportation journey
 13731 | D:7      | Found a hide-covered altar of Uskayaw.
 13733 | D:7      | Found a stormy altar of Qazlal.
 13738 | D:7      | Found a glowing golden altar of the Shining One.
 13787 | D:7      | XOM: god gift: +3 broad axe of chaos
 13793 | D:7      | Reached XP level 10. HP: 77/77 MP: 0/0
 13836 | D:7      | Found a staircase to the Ecumenical Temple.
 13850 | D:7      | Reached skill level 8 in Long Blades
 13881 | D:7      | XOM: cast spell 'Summon Horrible Things'
 14127 | D:8      | XOM: 1-stop teleportation journey
 14134 | D:8      | XOM: blink monster(s)
 14171 | D:8      | XOM: 1-stop teleportation journey
 14285 | D:8      | XOM: summons 6 hostile demons
 14354 | D:8      | XOM: stat loss: -1 Str (22/23)
 14368 | D:8      | XOM: destruction
 14388 | D:8      | Reached skill level 1 in Evocations
 14487 | D:8      | XOM: enchant monster (bad)
 14611 | D:8      | XOM: scenery: create altars
 14639 | D:8      | XOM: scenery: create altars
 15121 | D:9      | XOM: cleaving
 15129 | D:9      | XOM: summons 3 friendly demons
 15154 | D:9      | XOM: cast spell 'Alistair's Intoxication'
 15200 | D:9      | XOM: potion effect (might)
 15220 | D:9      | Reached skill level 9 in Long Blades
 15270 | D:9      | XOM: cast spell 'Olgreb's Toxic Radiance'
 15308 | D:9      | XOM: divination: magic mapping
 15390 | D:9      | XOM: 10-stop teleportation journey
 15460 | D:9      | Noticed Joseph
 15465 | D:9      | XOM: enchant monster (good)
 15471 | D:9      | Killed Joseph
 15472 | D:9      | Reached XP level 11. HP: 83/83 MP: 0/0
 15472 | D:9      | Learned a level 5 spell: Irradiate
 15771 | D:10     | Entered Level 10 of the Dungeon
 15942 | D:10     | Found a flagged portal.
 15973 | D:10     | XOM: god gift: wand of paralysis (6)
 16347 | D:10     | XOM: 7-stop teleportation journey
 16428 | D:10     | Noticed Nergalle
 16433 | D:10     | XOM: summons 3 friendly demons
 16438 | D:10     | XOM: fog
 16443 | D:10     | XOM: cast spell 'Summon Ice Beast'
 16447 | D:10     | Killed Nergalle
 16448 | D:10     | Reached skill level 10 in Long Blades
 17065 | D:11     | XOM: noise
 17071 | D:11     | Noticed a purple ugly thing
 17087 | D:11     | XOM: summons friendly quasit
 17089 | D:11     | Killed a purple ugly thing
 17089 | D:11     | XOM: divine lightning
 17112 | D:11     | XOM: cleaving
 17125 | D:10     | XOM: god gift: +0 kite shield of fire resistance
 17145 | D:11     | Noticed Grum
 17153 | D:11     | Noticed a boulder beetle
 17169 | D:11     | Noticed Psyche
 17213 | D:10     | Killed Psyche
 17213 | D:10     | XOM: divine lightning
 17218 | D:10     | Killed a boulder beetle
 17253 | D:11     | Killed Grum
 17278 | D:11     | XOM: 2-stop teleportation journey
 17289 | D:11     | Noticed a boulder beetle
 17297 | D:11     | a boulder beetle changed into a spark wasp
 17297 | D:11     | Noticed a spark wasp
 17297 | D:11     | XOM: polymorph boulder beetle -> spark wasp
 17306 | D:11     | XOM: cleaving
 17309 | D:11     | Lost mutation: You passively map a small area around you.
                  | [potion of mutation]
 17309 | D:11     | Lost mutation: Your mind is acute. (Int +4, Str/Dex -1)
                  | [potion of mutation]
 17309 | D:11     | Lost mutation: You are partially covered in large bone
                  | plates. (SH +4) [potion of mutation]
 17309 | D:11     | Lost mutation: You are robust. (+10% HP) [potion of
                  | mutation]
 17321 | D:11     | Killed a spark wasp
 17322 | D:11     | Reached XP level 12. HP: 41/85 MP: 0/0
 17390 | D:11     | XOM: polymorph yak -> human
 17400 | D:11     | XOM: summons 2 friendly demons
 17409 | D:11     | XOM: enchant monster (good)
 17415 | D:11     | Reached skill level 5 in Evocations
 17519 | D:11     | XOM: enchant monster (good)
 17579 | D:11     | Found a staircase to the Lair.
 17621 | D:11     | XOM: give mutation
 17621 | D:11     | Gained mutation: Your mind is acute. (Int +4, Str/Dex -1)
                  | [Xom's grace]
 17844 | D:11     | XOM: 2-stop teleportation journey
 17902 | D:12     | Noticed a boulder beetle
 17959 | D:11     | a boulder beetle changed into a broodmother
 17959 | D:11     | Noticed a broodmother
 17959 | D:11     | XOM: polymorph boulder beetle -> broodmother
 17968 | D:11     | Demolished by a broodmother

Illustrated notes

Levels and vault maps discovered:
D:1:      amcnicky_arrival_underground_garden, layout_basic, serial_shops,
          nicolae_shop_waterfront, chequers_ecumenical_altar_twisty
D:2:      layout_basic, chequers_serial_rivers_small_3, roderic_lattice_a,
          uniq_robin
D:3:      layout_basic, uniq_terence, uniq_crazy_yiuf_cottage
D:4:      layout_basic, nicolae_shop_vocational
D:5:      minmay_opposing_rooms, layout_loops_ring,
          nzn_overflow_gifts_of_might_and_magic, serial_shops, shop_statue,
          patterned_corridor
D:6:      layout_basic, grunt_temple_overflow_open, minmay_misc_feat_hallway,
          grunt_decor_cap, uniq_menkaure
D:7:      layout_basic, nicolae_overflow_hallway_of_the_gods,
          minmay_temple_entry_mini_moons
D:8:      layout_basic
D:9:      kennysheep_ambush_hall, layout_basic, minmay_misc_feat_chi,
          uniq_joseph
D:10:     layout_basic, enter_bailey_3, kennysheep_crisscross, uniq_nergalle
D:11:     layout_gridville, erik_lair_island, uniq_psyche, uniq_grum
D:12:     hangedman_arrow_trap, layout_irregular_city, david_orc_3,
          minivault_27, uniq_kirke, uniq_fannar

Skill      XL: |  1  2  3  4  5  6  7  8  9 10 11 12 |
---------------+-------------------------------------+-----
Long Blades    | 3 4 5 6 7 9 10 | 10.8
Armour         | 2 3 4 5 |  5.5
Spellcasting   | 1 2 3 4 |  4.9
Conjurations   | 1 2 3 4 |  4.9
Hexes          | 1 2 3 4 |  4.9
Summonings     | 1 2 3 4 |  4.9
Necromancy     | 1 2 3 4 |  4.9
Translocations | 1 2 3 4 |  4.9
Transmutations | 1 2 3 4 |  4.9
Fire Magic     | 1 2 3 4 |  4.9
Ice Magic      | 1 2 3 4 |  4.9
Air Magic      | 1 2 3 4 |  4.9
Earth Magic    | 1 2 3 4 |  4.9
Poison Magic   | 1 2 3 4 |  4.9
Shields        | 1 2 3 4 |  4.9
Dodging        | 3 4 5 6 7 8 |  8.0
Fighting       | 4 5 6 7 |  7.3
Evocations     | 2 4 5 |  5.2

Action                     |  1- 3 |  4- 6 |  7- 9 | 10-12 || total
---------------------------+-------+-------+-------+-------++-------
  Melee: Falchion          |    67 |   110 |   354 |   279 ||   810
         Punch             |     1 |     1 |     6 |    11 ||    19
         Scimitar          |       |       |       |   423 ||   423
  Evoke: Wand              |       |       |       |     2 ||     2
    Use: Scroll            |       |     4 |     5 |     4 ||    13
         Potion            |       |       |       |     7 ||     7
   Stab: Sleeping          |       |    11 |     5 |     5 ||    21
         Paralysed         |       |       |     2 |     3 ||     5
 Armour: Leather armour    |    19 |     3 |       |       ||    22
         Ring mail         |       |    39 |   118 |       ||   157
         Acid dragon scale |       |       |    43 |   349 ||   392
  Dodge: Dodged            |    39 |    70 |   307 |   771 ||  1187
  Block: Other             |     4 |    15 |    65 |   144 ||   228
         Kite shield       |       |       |       |   115 ||   115

Table legend: (Time is in decaauts)
 A = Elapsed time spent in this place.
 B = Non-inter-level travel time spent in this place.
 C = Inter-level travel time spent in this place.
 D = Time resting spent in this place.
 E = Time spent auto-exploring this place.
 F = Levels seen in this place.
 G = Mean time per level.
                   A        B        C        D        E       F      G
               +--------+--------+--------+--------+--------+-----+--------+
         Total |  17940 |  17125 |    815 |   7997 |   6886 |  12 | 1495.0 |
       Dungeon |  17940 |  17125 |    815 |   7997 |   6886 |  12 | 1495.0 |
               +--------+--------+--------+--------+--------+-----+--------+

Top non-repeatable levels by time:
     D:1: 8121 daAuts
     D:2: 1481 daAuts
     D:5: 1302 daAuts
    D:10: 1212 daAuts
     D:3: 1171 daAuts
     D:8: 951 daAuts
     D:6: 819 daAuts
    D:11: 792 daAuts
     D:9: 758 daAuts
     D:7: 667 daAuts
     D:4: 658 daAuts
    D:12: 5 daAuts
